 Dungeon Crawl Stone Soup version 0.28.0 (console) character file.

Game seed: 16888352665697582111

266 ryathie the Skirmisher (level 6, -2/40 HPs)
             Began as a Gargoyle Fighter on Feb 19, 2022.
             Killed by nerve-wracking pain
             ... invoked by Menkaure
              (6 damage)
             ... on level 4 of the Dungeon.
             The game lasted 00:04:55 (1751 turns).

ryathie the Skirmisher (Gargoyle Fighter)           Turns: 1751, Time: 00:04:56

Health: -2/40      AC: 11    Str: 20    XL:     6   Next: 20%
Magic:  6/6        EV:  9    Int:  8    God:
Gold:   46         SH:  4    Dex: 11    Spells: 5/5 levels left

rFire   . . .      SeeInvis .   a - +1 war axe
rCold   . . .      Faith    .   c - +0 buckler
rNeg    + . .      Spirit   .   b - +0 scale mail
rPois   ∞          Reflect  .   (no helmet)
rElec   +          Harm     .   (no cloak)
rCorr   .          Rampage  .   (no gloves)
Will    .....                   (no boots)
Stlth   ..........              (no amulet)
HPRegen 0.13/turn               (no ring)
MPRegen 0.10/turn               (no ring)

@: no status effects
A: sickness immunity, AC +4, negative energy resistance 1, electricity
resistance, torment resistance 1, petrification resistance
a: no special abilities


You were on level 4 of the Dungeon.
You visited 1 branch of the dungeon, and saw 4 of its levels.

You collected 85 gold pieces.
You spent 39 gold pieces at shops.

Inventory:

Hand Weapons
 a - a +1 war axe (weapon)
Armour
 b - a +0 scale mail (worn)
 c - a +0 buckler (worn)
Wands
 l - a wand of flame (2)
Scrolls
 f - a scroll of teleportation
 h - 2 scrolls of enchant weapon
 m - a scroll of immolation {unknown}
Potions
 d - a potion of might
 e - 2 potions of lignification {unknown}
 g - 2 potions of mutation {unknown}
 i - a potion of invisibility
 j - a potion of berserk rage {unknown}
 k - a potion of curing {unknown}
 n - a potion of brilliance {unknown}


   Skills:
 + Level 5.3 Fighting
 + Level 3.9 Axes
 - Level 3.2 Armour
 - Level 3.2 Shields
 + Level 1.9 Evocations


You had 5 spell levels left.
You didn't know any spells.
Your spell library was empty.

Dungeon Overview and Level Annotations

Branches:
Dungeon (4/15)
 Temple: D:4-7

Altars:

Shops:
D:3 ?   D:4 (

Annotations:
D:3 Jessica
D:4 Menkaure


Innate Abilities, Weirdness & Mutations

You are immune to sickness and miasma.
Your stone body is resilient. (AC +4)
You are immune to poison.
You resist negative energy. (rN+)
You are resistant to electric shocks. (rElec)
You are resistant to unholy torment.
You are immune to petrification.


Message History

The iguana bites you but does no damage.
You hit the iguana.
The iguana is lightly wounded.
The iguana bites you.
You hit the iguana.
The iguana is lightly wounded.
The iguana closely misses you. x2
You completely miss the iguana.
The iguana is lightly wounded.
The iguana bites you but does no damage.
You hit the iguana.
The iguana is lightly wounded.
The iguana closely misses you.
You hit the iguana.
The iguana is heavily wounded.
The iguana bites you but does no damage.
You block the iguana's attack.
You hit the iguana.
The iguana is moderately wounded.
The iguana bites you.
You barely miss the iguana.
The iguana is moderately wounded.
The iguana bites you!
You hit the iguana.
The iguana is heavily wounded.
The iguana barely misses you.
The iguana bites you but does no damage.
You hit the iguana.
The iguana is almost dead.
The iguana bites you.
* * * LOW HITPOINT WARNING * * *
You hit the iguana.
The iguana is almost dead.
The iguana bites you!
* * * LOW HITPOINT WARNING * * *
You hit the iguana.
You kill the iguana!
Menkaure casts a spell at you. Pain shoots through your body!
You die...

... ####
... ..#
..# #†#
..# #@#
.)###
########.#
....
#......M.#
..#
#.########
<.# #.#
..# #.#
.## #.#
.## #.#
..# #.#


You could see Menkaure.

Vanquished Creatures
  3 electric eels (D:4)
  A jelly (D:4)
  A bullfrog skeleton (D:2)
  2 iguanas (D:4)
  2 adders
  5 orcs (D:4)
  5 endoplasms
  A giant cockroach (D:3)
  6 goblins
  4 hobgoblins
  4 jackals (D:4)
  A quokka (D:4)
  2 ball pythons (D:4)
  A bat (D:1)
  A jackal skeleton (D:4)
  4 kobolds
  4 rats
47 creatures vanquished.

Vanquished Creatures (others)
  6 plants (D:4)
6 creatures vanquished.

Grand Total: 53 creatures vanquished

Notes
Turn   | Place    | Note
-------+----------+-------------------------------------------
     0 | D:1      | ryathie the Gargoyle Fighter began the quest for the Orb.
     0 | D:1      | Reached XP level 1. HP: 14/14 MP: 1/1
    49 | D:1      | Reached XP level 2. HP: 9/19 MP: 2/2
   571 | D:2      | Reached skill level 4 in Fighting
   571 | D:2      | Reached XP level 3. HP: 17/24 MP: 3/3
   847 | D:3      | Reached XP level 4. HP: 30/30 MP: 4/4
   922 | D:3      | Found Nykhles's Magic Scroll Boutique.
   944 | D:3      | Bought a scroll of teleportation for 39 gold pieces
   951 | D:3      | Noticed Jessica
  1251 | D:4      | Found a transporter.
  1255 | D:4      | Found Nitt's Weapon Shop.
  1287 | D:4      | Reached XP level 5. HP: 18/34 MP: 5/5
  1293 | D:4      | Reached skill level 5 in Fighting
  1293 | D:4      | Reached skill level 1 in Evocations
  1304 | D:4      | Found a transporter.
  1614 | D:4      | Reached XP level 6. HP: 33/40 MP: 6/6
  1699 | D:4      | Noticed Menkaure
  1751 | D:4      | Killed from afar by Menkaure

Illustrated notes

Levels and vault maps discovered:
D:1:      dpeg_arrival_round_b, layout_basic, ebering_ecumenical_altar_petrified
D:2:      layout_rooms, basic_altar, supply_closet_lemuel, serial_bayou_ford_a,
          minmay_fractal_squares_5, uniq_robin
D:3:      layout_basic, serial_shops, shop, uniq_jessica
D:4:      gammafunk_steamed_eel, layout_loops_ring, serial_shops,
          shop_fountains, uniq_menkaure

Skill      XL: |  1  2  3  4  5 |
---------------+----------------+-----
Axes           | 2 3 |  3.9
Fighting       | 4 5 |  5.3
Evocations     | 1 |  1.9
Armour         | |  3.2
Shields        | |  3.2

Action                   |  1- 3 |  4- 6 || total
-------------------------+-------+-------++-------
Melee: War axe           |    83 |    77 ||   160
Evoke: Wand              |       |     4 ||     4
  Use: Scroll            |     2 |     1 ||     3
Armor: Scale mail        |    52 |    28 ||    80
Dodge: Dodged            |    38 |    40 ||    78
Block: Buckler           |    17 |    15 ||    32
